 Dungeon Crawl Stone Soup version 0.28.0-1-gb440e238dd (webtiles) character file.

Game seed: 4885873015169559917

331 Morbidden the Firebug (level 6, -8/43 HPs)
             Began as a Demonspawn Fire Elementalist on Feb 21, 2022.
             Mangled by a wyvern skeleton (15 damage)
             ... on level 5 of the Dungeon.
             The game lasted 00:10:12 (5259 turns).

Morbidden the Firebug (DsFE)                        Turns: 5259, Time: 00:10:13

Health: -8/43      AC:  2    Str:  8    XL:     6   Next: 26%
Magic:  7/11       EV: 12    Int: 18    God:
Gold:   174        SH:  4    Dex: 16    Spells: 7/12 levels left

rFire   . . .      SeeInvis .   e - +0 dagger (vorpal)
rCold   . . .      Faith    .   (no shield)
rNeg    . . .      Spirit   .   a - +0 robe
rPois   .          Reflect  .   (helmet restricted)
rElec   .          Harm     .   (no cloak)
rCorr   .          Rampage  .   (no gloves)
Will    .....                   (no boots)
Stlth   +++.......              (no amulet)
HPRegen 0.14/turn               (no ring)
MPRegen 0.12/turn               (no ring)

@: no status effects
A: horns 2, thin skeletal structure 1, condensation shield
a: no special abilities


You were on level 5 of the Dungeon.
You visited 2 branches of the dungeon, and saw 6 of its levels.

You collected 174 gold pieces.

Inventory:

Hand Weapons
 e - a +0 vorpal dagger (weapon)
Missiles
 l - 18 poisoned darts (quivered)
 u - 5 boomerangs
Armour
 a - a +0 robe (worn)
Magical Staves
 b - a staff of cold
Wands
 s - a wand of paralysis (1)
Scrolls
 d - 2 scrolls of enchant armour {unknown}
 f - 2 scrolls of amnesia {unknown}
 h - a scroll of blinking {unknown}
 i - 2 scrolls of enchant weapon
 o - a scroll of brand weapon
 p - a scroll of fear {unknown}
 q - a scroll of immolation {unknown}
Potions
 g - a potion of brilliance {unknown}
 j - a potion of ambrosia {unknown}
 k - a potion of haste {unknown}
 m - 2 potions of heal wounds
 n - a potion of degeneration {unknown}
 r - 2 potions of invisibility
 t - a potion of flight {unknown}


   Skills:
 * Level 1.1 Fighting
 * Level 0.9 Short Blades
 + Level 0.1 Throwing
 + Level 2.0 Dodging
 + Level 2.2 Stealth
 + Level 0.1 Shields
 * Level 3.8 Spellcasting
 * Level 2.3 Conjurations
 * Level 3.9 Fire Magic
 * Level 1.9 Poison Magic


You had 7 spell levels left.
You knew the following spells:

 Your Spells              Type           Power      Damage    Failure   Level
a - Foxfire               Conj/Fire      56%        2x1d6     4%          1
b - Scorch                Fire           34%        2d7       4%          2
c - Poisonous Vapours     Pois/Air       12%        N/A       16%         2

Your spell library contained the following spells:

 Spells                   Type           Power      Damage    Failure   Level
 Sting                    Tmut/Pois      24%        1d4       10%         1
 Conjure Flame            Conj/Fire      14%        6-21      13%         3
 Inner Flame              Hex/Fire       10%        N/A       21%         3
 Corpse Rot               Necr/Air       6%         N/A       22%         2
 Flame Wave               Conj/Fire      14%        2d6       38%         4
 Ozocubu's Armour         Ice            3%         N/A       41%         3
 Olgreb's Toxic Radiance  Pois           10%        N/A       56%         4
 Fireball                 Conj/Fire      7%         3d5       75%         5
 Dispel Undead            Necr           3%         3d7       83%         4
 Death Channel            Necr           1%         N/A       100%        6
 Starburst                Conj/Fire      7%         6d4       100%        6
 Ozocubu's Refrigeration  Ice            1%         4d5       100%        7
 Ignition                 Fire           8%         3d5       100%        8


Dungeon Overview and Level Annotations

Branches:
Dungeon (5/15)             Temple (1/1) D:4

Altars:
Ashenzari
Elyvilon
Fedhas
Gozag
Makhleb
Qazlal
Ru
Sif Muna
Trog
Uskayaw
Xom
Yredelemnul
Zin

Shops:
D:1 [

Annotations:
D:5 exclusion: water moccasin


Innate Abilities, Weirdness & Mutations

You have a pair of horns on your head.
You have a somewhat thin skeletal structure. (Dex +2, Stealth+)
A meltable shield of frost defends you. (SH +4)


Message History

Found 5 boomerangs.
Unknown command.
You see here 5 boomerangs.
u - 5 boomerangs
As you read the scroll of identify, it crumbles to dust.
o - 2 scrolls of brand weapon
Okay, then.
As you read the scroll of brand weapon, it crumbles to dust.
Your +0 dagger emits a brilliant flash of light!
e - a +0 vorpal dagger (weapon)
Unknown command.
Okay, then.
Unknown command.
Found a stone staircase leading up.
Found a stone staircase leading down.
There is a stone staircase leading up here.
A wyvern skeleton comes into view.
A wyvern skeleton is nearby!
The helpless wyvern skeleton fails to defend itself.
You puncture the wyvern skeleton!
The wyvern skeleton is heavily damaged.
The wyvern skeleton bites you!
Unknown command.
Casting: Scorch (safe; 4% risk of failure)
Confirm with . or Enter, or press ? or * to list all spells.
Flames lash the wyvern skeleton.
The wyvern skeleton is severely damaged.
The wyvern skeleton's fire resistance burns away.
The wyvern skeleton bites you!
The wyvern skeleton bites you but does no damage.
Unknown command.
Unknown command.
Casting: Scorch (safe; 4% risk of failure)
Confirm with . or Enter, or press ? or * to list all spells.
Flames lash the wyvern skeleton.
The wyvern skeleton is burned terribly!
The wyvern skeleton is almost destroyed.
The wyvern skeleton bites you. The wyvern skeleton bites you!
* * * LOW HITPOINT WARNING * * *
The wyvern skeleton bites you!
You die...

#.......# ...
...8########## ...
#.....## # ..
.....8# #. ..
.....# #..##.
8...8# #.....
##>## ####
#....Z#########..#
#.....@....# #.###
#.##.####.####..##
...............#
#.#######<...##..#
# #.#####..# #.#
##.# ..# #.# ####
#.## #..#


You could see a wyvern skeleton (combustible).

Vanquished Creatures
  An ogre (D:5)
  A scorpion (D:5)
  An iguana (D:4)
  An orc wizard (D:4)
  4 gnolls (D:3)
  3 adders
  3 worms
  2 dart slugs
  2 orcs (D:4)
  6 bats
  6 endoplasms
  3 giant cockroaches
  3 goblins
  6 hobgoblins
  6 kobolds
  A quokka (D:1)
  8 ball pythons
  4 frilled lizards
  A quokka skeleton (D:4)
  3 rats
65 creatures vanquished.

Vanquished Creatures (others)
  252 foxfires
252 creatures vanquished.

Grand Total: 317 creatures vanquished

Notes
Turn   | Place    | Note
-------+----------+-------------------------------------------
     0 | D:1      | Morbidden the Demonspawn Fire Elementalist began the quest
                  | for the Orb.
     0 | D:1      | Reached XP level 1. HP: 13/13 MP: 3/3
    10 | D:1      | Found Cini's Antique Armour Boutique.
   281 | D:1      | Gained mutation: You have a pair of small horns on your
                  | head. [demonic ancestry]
   281 | D:1      | Reached XP level 2. HP: 19/19 MP: 3/5
   364 | D:1      | Learned a level 2 spell: Scorch
   951 | D:2      | Gained mutation: You have a somewhat thin skeletal
                  | structure. (Dex +2, Stealth+) [demonic ancestry]
   951 | D:2      | Reached XP level 3. HP: 22/24 MP: 0/6
  1169 | D:2      | Learned a level 2 spell: Poisonous Vapours
  1353 | D:2      | Found a faded altar of an unknown god.
  1949 | D:3      | Found a broken altar of Ashenzari.
  1957 | D:3      | Reached skill level 1 in Poison Magic
  2253 | D:3      | Gained mutation: A meltable shield of frost defends you.
                  | (SH +4) [demonic ancestry]
  2253 | D:3      | Reached XP level 4. HP: 30/30 MP: 2/8
  3644 | D:4      | Gained mutation: You have a pair of horns on your head.
                  | [demonic ancestry]
  3644 | D:4      | Reached XP level 5. HP: 25/36 MP: 2/9
  3749 | D:4      | Found a blossoming altar of Fedhas.
  4431 | D:4      | Found a staircase to the Ecumenical Temple.
  4642 | Temple   | Entered the Ecumenical Temple
  4784 | D:5      | Entered Level 5 of the Dungeon
  4794 | D:5      | Noticed a water moccasin
  5000 | D:5      | Found an opulent altar of Gozag.
  5001 | D:5      | Found a shimmering blue altar of Sif Muna.
  5067 | D:5      | Noticed a two-headed ogre
  5067 | D:5      | Noticed an ogre
  5098 | D:5      | Killed an ogre
  5099 | D:5      | Reached skill level 1 in Fighting
  5099 | D:5      | Reached XP level 6. HP: 43/43 MP: 4/11
  5259 | D:5      | Mangled by a wyvern skeleton

Illustrated notes

Levels and vault maps discovered:
D:1:      minmay_arrival_solitary_statue, layout_basic, serial_shops,
          shop_statue
D:2:      layout_basic, chequers_ecumenical_altar_simple
D:3:      layout_basic, ashenzari_altar_1, chequers_serial_rivers_room_b,
          minmay_strange_pillars, minivault_23
D:4:      layout_gridville, mainiacjoe_overflow_six_doors_small, temple_green
D:5:      layout_basic, nicolae_overflow_hidden_temple,
          gammafunk_temple_overflow_statue, minmay_misc_feat_hallway
Temple:   nicolae_temple_figure_zero

Skill      XL: |  1  2  3  4  5 |
---------------+----------------+-----
Stealth        | 2 |  2.2
Fire Magic     | 3 |  3.9
Poison Magic   | 1 |  1.9
Spellcasting   | 3 |  3.8
Dodging        | 2 |  2.0
Conjurations   | 2 |  2.3
Fighting       | 1 |  1.1
Short Blades   | |  0.9
Throwing       | |  0.1
Shields        | |  0.1

Action                   |  1- 3 |  4- 6 || total
-------------------------+-------+-------++-------
Melee: Unarmed           |     3 |       ||     3
       Headbutt          |     5 |     1 ||     6
       Dagger            |    17 |    12 ||    29
Throw: Dart              |       |     9 ||     9
 Cast: Foxfire           |    75 |    89 ||   164
       Scorch            |     2 |    12 ||    14
       Poisonous Vapours |       |     1 ||     1
  Use: Scroll            |     1 |     4 ||     5
 Stab: Sleeping          |     1 |     3 ||     4
Armor: Robe              |     4 |     2 ||     6
Dodge: Dodged            |    21 |    12 ||    33
Block: Other             |       |     4 ||     4
